1975 views
Uploaded 2023-04-23 19:34:10
Game version 1.35 (6115)
29:32 long 1on1 ladder game on (2)ConcealedHill_S2
Saved by DKnight
1975 views
Uploaded 2023-04-23 19:34:10
Game version 1.35 (6115)
29:32 long 1on1 ladder game on (2)ConcealedHill_S2

41 units @ 7.3k
/ 1.2k
10 buildings @ 1.6k
/ 0.5k



| Rod of Necromancy | 3 | 450 |
| Ritual Dagger | 2 | 250 |
| Orb of Corruption | 1 | 375 |
| Potion of Healing | 1 | 150 |
| Scroll of Healing | 3 | 750 |
| Scroll of Town Portal | 1 | 350 |
| Potion of Lesser Invulnerability | 1 | 150 |
| total: | 12 | 2475g |
| Acolyte | 5 | 375 | / | 0 |
| Ghoul | 9 | 1080 | / | 0 |
| Crypt Fiend | 17 | 3655 | / | 680 |
| Obsidian Statue | 6 | 1200 | / | 210 |
| Abomination | 4 | 960 | / | 280 |
| total: | 41 | 7270g | / | 1170w |
| Nerubian Tower | 1 | 100 | / | 20 |
| Crypt | 1 | 200 | / | 50 |
| Altar of Darkness | 1 | 180 | / | 50 |
| Ziggurat | 5 | 750 | / | 250 |
| Tomb of Relics | 1 | 130 | / | 30 |
| Graveyard | 1 | 215 | / | 0 |
| Slaughterhouse | 1 | 140 | / | 135 |
| Halls of the Dead | 1 | 320 | / | 210 |
| Black Citadel | 1 | 325 | / | 230 |
| total: | 10 | 1615g | / | 515w |
| 0:02 | Acolyte |
| 0:02 | Acolyte |
| 0:05 | Crypt |
| 0:08 | Altar of Darkness |
| 0:23 | Ziggurat |
| 0:34 | Acolyte |
| 0:42 | Acolyte |
| 1:04 | Tomb of Relics |
| 1:09 | Ghoul |
| 1:28 | Ghoul |
| 1:43 | Graveyard |
| 2:15 | Rod of Necromancy |
| 2:17 | Death Coil |
| 2:31 | Ghoul |
| 2:42 | Halls of the Dead |
| 3:29 | Ziggurat |
| 3:39 | Ghoul |
| 4:17 | Nerubian Tower |
| 4:26 | Ghoul |
| 4:30 | Ziggurat |
| 4:33 | Ritual Dagger |
| 4:41 | Ghoul |
| 4:51 | Rod of Necromancy |
| 5:15 | Unholy Aura |
| 5:18 | Ghoul |
| 5:54 | Black Citadel |
| 6:20 | Rod of Necromancy |
| 6:22 | Frost Nova |
| 6:28 | Slaughterhouse |
| 6:48 | Ghoul |
| 6:48 | Ziggurat |
| 7:11 | Ghoul |
| 7:14 | Crypt Fiend |
| 7:29 | Death Coil |
| 7:36 | Obsidian Statue |
| 7:39 | Ziggurat |
| 8:45 | Destroyer Form |
| 8:47 | Dark Ritual |
| 8:53 | Ghoul Frenzy |
| 8:57 | Orb of Corruption |
| 9:16 | Crypt Fiend |
| 9:25 | Black Arrow |
| 9:47 | Crypt Fiend |
| 10:15 | Obsidian Statue |
| 10:25 | Scroll of Healing |
| 11:24 | Crypt Fiend |
| 11:48 | Crypt Fiend |
| 11:49 | Obsidian Statue |
| 12:17 | Crypt Fiend |
| 12:37 | Silence |
| 14:08 | Obsidian Statue |
| 14:08 | Crypt Fiend |
| 14:12 | Creature Attack |
| 14:17 | Scroll of Town Portal |
| 14:17 | Scroll of Healing |
| 14:20 | Potion of Healing |
| 14:25 | Ritual Dagger |
| 14:52 | Web |
| 15:09 | Abomination |
| 15:16 | Frost Nova |
| 16:04 | Death Pact |
| 16:24 | Crypt Fiend |
| 16:25 | Obsidian Statue |
| 16:27 | Improved Creature Attack |
| 16:50 | Black Arrow |
| 18:33 | Crypt Fiend |
| 18:34 | Obsidian Statue |
| 19:32 | Scroll of Healing |
| 19:33 | Crypt Fiend |
| 19:35 | Abomination |
| 20:05 | Crypt Fiend |
| 20:09 | Creature Carapace |
| 20:22 | Crypt Fiend |
| 20:23 | Abomination |
| 20:47 | Crypt Fiend |
| 21:06 | Crypt Fiend |
| 21:23 | Crypt Fiend |
| 24:14 | Frost Armor |
| 25:15 | Potion of Lesser Invulnerability |
| 27:12 | Crypt Fiend |
| 27:13 | Abomination |
| 27:53 | Crypt Fiend |
| 28:13 | Acolyte |
| 28:54 | Death Coil |
| Right click | 1910 |
| Select group | 1562 |
| Select | 690 |
| Use ability | 115 |
| Build/train/purchase | 112 |
| Assign group | 86 |
| Misc. action | 78 |
| Item give/drop | 9 |
| Chat | 4 |
| Remove unit | 3 |
69 units @ 7.8k
/ 0.8k
26 buildings @ 4.2k
/ 1.9k



| Lesser Clarity Potion | 8 | 560 |
| Healing Salve | 3 | 300 |
| Potion of Healing | 5 | 750 |
| Orb of Lightning | 2 | 750 |
| Potion of Mana | 3 | 600 |
| Scroll of Town Portal | 2 | 700 |
| Boots of Speed | 1 | 250 |
| Potion of Lesser Invulnerability | 3 | 450 |
| Periapt of Vitality | 1 | 325 |
| Scroll of Protection | 1 | 150 |
| total: | 29 | 4835g |
| Peon | 27 | 2025 | / | 0 |
| Troll Headhunter | 12 | 1680 | / | 240 |
| Shaman | 10 | 1300 | / | 200 |
| Troll Berserker | 20 | 2800 | / | 400 |
| total: | 69 | 7805g | / | 840w |
| Watch Tower | 9 | 990 | / | 720 |
| Altar of Storms | 1 | 180 | / | 50 |
| Orc Burrow | 8 | 1280 | / | 320 |
| War Mill | 1 | 205 | / | 0 |
| Barracks | 1 | 180 | / | 50 |
| Voodoo Lounge | 2 | 260 | / | 60 |
| Great Hall | 2 | 770 | / | 370 |
| Spirit Lodge | 1 | 150 | / | 150 |
| Beastiary | 1 | 145 | / | 140 |
| Stronghold | 1 | 315 | / | 190 |
| Fortress | 1 | 325 | / | 190 |
| total: | 26 | 4160g | / | 1860w |
| 0:02 | Peon |
| 0:02 | Peon |
| 0:06 | Altar of Storms |
| 0:11 | Orc Burrow |
| 0:17 | Peon |
| 0:36 | Peon |
| 0:49 | War Mill |
| 0:52 | Peon |
| 1:10 | Barracks |
| 1:16 | Peon |
| 1:35 | Orc Burrow |
| 1:40 | Peon |
| 1:57 | Voodoo Lounge |
| 2:05 | Feral Spirit |
| 2:14 | Troll Headhunter |
| 2:24 | Troll Headhunter |
| 2:43 | Troll Headhunter |
| 3:10 | Stronghold |
| 3:31 | Lesser Clarity Potion |
| 3:32 | Healing Salve |
| 3:41 | Troll Headhunter |
| 3:51 | Troll Headhunter |
| 4:16 | Troll Headhunter |
| 4:28 | Chain Lighting |
| 4:33 | Orc Burrow |
| 4:55 | Great Hall |
| 5:05 | Lesser Clarity Potion |
| 5:06 | Healing Salve |
| 5:12 | Lesser Clarity Potion |
| 5:33 | Troll Regeneration |
| 5:44 | Feral Spirit |
| 6:24 | Troll Headhunter |
| 6:25 | Steel Ranged Weapons |
| 6:41 | Boots of Speed |
| 6:56 | War Stomp |
| 6:57 | Potion of Healing |
| 7:08 | Troll Headhunter |
| 7:26 | Spirit Lodge |
| 7:38 | Watch Tower |
| 7:39 | Peon |
| 7:40 | Peon |
| 7:56 | Endurance Aura |
| 8:03 | Peon |
| 8:03 | Peon |
| 8:14 | Fortress |
| 8:33 | Troll Headhunter |
| 8:35 | Orc Burrow |
| 8:43 | Chain Lighting |
| 8:50 | Shaman |
| 8:50 | Shaman Adept Training |
| 9:04 | Orc Burrow |
| 9:19 | Troll Headhunter |
| 9:32 | Steel Armor |
| 9:51 | Troll Headhunter |
| 9:52 | Shaman |
| 10:37 | Shaman Master Training |
| 11:11 | Berserker Upgrade |
| 11:13 | Shaman |
| 11:21 | Endurance Aura |
| 11:42 | Healing Wave |
| 11:47 | Troll Headhunter |
| 11:48 | Shaman |
| 11:57 | Orb of Lightning |
| 11:57 | Potion of Healing |
| 12:10 | Potion of Mana |
| 12:28 | Troll Berserker |
| 12:30 | Shaman |
| 12:44 | Troll Berserker |
| 12:49 | Voodoo Lounge |
| 13:11 | Troll Berserker |
| 13:15 | Watch Tower |
| 13:18 | Peon |
| 13:18 | Peon |
| 13:20 | Peon |
| 13:20 | Peon |
| 13:29 | Watch Tower |
| 14:15 | Troll Berserker |
| 14:16 | Shaman |
| 14:18 | Lesser Clarity Potion |
| 14:20 | Orb of Lightning |
| 14:21 | Potion of Healing |
| 14:23 | Potion of Mana |
| 14:27 | Lesser Clarity Potion |
| 14:29 | Potion of Healing |
| 14:30 | Potion of Mana |
| 14:34 | Healing Salve |
| 14:54 | Orc Burrow |
| 14:58 | Shaman |
| 14:59 | Troll Berserker |
| 15:04 | Orc Burrow |
| 15:21 | Potion of Lesser Invulnerability |
| 15:26 | Thorium Ranged Weapons |
| 16:17 | Troll Berserker |
| 16:18 | Shaman |
| 16:56 | Feral Spirit |
| 17:01 | Troll Berserker |
| 17:02 | Arcanite Ranged Weapons |
| 17:34 | Troll Berserker |
| 17:50 | Peon |
| 17:50 | Peon |
| 17:50 | Peon |
| 17:50 | Peon |
| 17:50 | Peon |
| 17:51 | Peon |
| 18:30 | Hex |
| 19:32 | Troll Berserker |
| 19:33 | Shaman |
| 19:34 | Thorium Armor |
| 19:35 | Orc Burrow |
| 19:38 | Beastiary |
| 19:43 | Watch Tower |
| 19:44 | Watch Tower |
| 19:47 | Watch Tower |
| 19:49 | Watch Tower |
| 19:53 | Peon |
| 19:54 | Peon |
| 20:08 | Troll Berserker |
| 20:23 | Potion of Lesser Invulnerability |
| 20:41 | Periapt of Vitality |
| 20:49 | Troll Berserker |
| 20:53 | Envenomed Spears |
| 21:03 | Watch Tower |
| 21:28 | Scroll of Town Portal |
| 22:35 | Lesser Clarity Potion |
| 22:38 | Lesser Clarity Potion |
| 23:05 | Troll Berserker |
| 23:57 | Great Hall |
| 24:04 | Watch Tower |
| 24:27 | Potion of Healing |
| 24:37 | Lesser Clarity Potion |
| 25:04 | Troll Berserker |
| 25:21 | Troll Berserker |
| 25:43 | Troll Berserker |
| 26:09 | War Stomp |
| 26:13 | Troll Berserker |
| 26:14 | Shaman |
| 26:29 | Troll Berserker |
| 26:57 | Troll Berserker |
| 27:19 | Troll Berserker |
| 27:20 | Arcanite Armor |
| 27:36 | Troll Berserker |
| 28:11 | Potion of Lesser Invulnerability |
| 28:11 | Scroll of Town Portal |
| 28:13 | Scroll of Protection |
| 29:00 | Chain Lighting |
| 29:18 | Healing Wave |
| 29:28 | Endurance Aura |
| 29:31 | Peon |
| 29:31 | Peon |
| 29:32 | Peon |
| 29:32 | Peon |
| Select group | 1272 |
| Right click | 1262 |
| Select | 770 |
| Misc. action | 365 |
| Build/train/purchase | 193 |
| Use ability | 85 |
| Assign group | 84 |
| Chat | 14 |
| Item give/drop | 4 |
โ